 Dungeon Crawl Stone Soup version 0.30.1-3-gfc49f6343a (webtiles) character file.

Game seed: 7664716208981620065

41 Anandil the Trooper (level 3, 0/29 HPs)
             Began as a Demonspawn Fighter on Aug 1, 2023.
             Slain by a goblin
             ... wielding a +0 club
             ... led by Robin
              (2 damage)
             ... on level 1 of the Dungeon.
             The game lasted 00:01:25 (696 turns).

Anandil the Trooper (Demonspawn Fighter)             Turns: 696, Time: 00:01:25

Health: 0/29       AC:  9    Str: 18    XL:     3   Next: 32%
Magic:  3/3        EV:  9    Int:  9    God:
Gold:   21         SH:  4    Dex: 12    Spells: 2/2 levels left

rFire   + . .        a - +0 trident
rCold   . . .        c - +0 buckler
rNeg    . . .        h - +0 scale mail {rF+}
rPois   .            (no helmet)
rElec   .            (no cloak)
rCorr   .            (no gloves)
SInv    .            (no boots)
Will    .....        (no amulet) Stlth
                     (no ring)
HPRegen 0.24/turn    (no ring)
MPRegen 0.08/turn

%: no passive effects
@: no status effects
A: thin metallic scales 2
a: no special abilities


You were on level 1 of the Dungeon.
You visited 1 branch of the dungeon, and saw 2 of its levels.

You collected 21 gold pieces.

Inventory:

Hand Weapons
 a - a +0 trident (weapon)
Armour
 b - a +0 scale mail
 c - a +0 buckler (worn)
 h - a +0 scale mail of fire resistance (worn)
Jewellery
 i - a +4 ring of slaying
Scrolls
 e - 3 scrolls of identify {unknown}
 f - a scroll of enchant weapon {unknown}
 g - a scroll of teleportation {unknown}
 j - a scroll of vulnerability {unknown}
Potions
 d - a potion of might


   Skills:
 + Level 3.4 Fighting
 + Level 2.3 Polearms
 + Level 3.0 Armour
 + Level 3.1 Shields


You had 2 spell levels left.
You didn't know any spells.
Your spell library was empty.

Dungeon Overview and Level Annotations

Branches:
Dungeon (2/15)

Altars:

Annotations:
D:2 Robin


Innate Abilities, Weirdness & Mutations

You are mostly covered in thin metallic scales. (AC +3)


Message History

Unknown command.
Unknown command.
You barely miss the goblin. The goblin barely misses you.
The hobgoblin hits you but does no damage.
You block the goblin's attack.
You barely miss the goblin. The goblin hits you but does no damage.
The hobgoblin hits you. The goblin misses you.
Unknown command.
You hit the goblin but do no damage. The goblin hits you but does no damage.
You block the hobgoblin's attack. The goblin hits you with a +0 club.
Unknown command.
You closely miss the goblin. You block the goblin's attack.
You block the hobgoblin's attack. The goblin closely misses you.
Unknown command.
You closely miss the goblin. The goblin hits you but does no damage.
The hobgoblin barely misses you. The goblin hits you but does no damage.
The goblin hits you with a +0 club.
* * * LOW HITPOINT WARNING * * *
The hobgoblin barely misses you. The goblin hits you but does no damage.
Unknown command.
You hit the goblin but do no damage. You block the goblin's attack.
The hobgoblin barely misses you. The goblin barely misses you.
Unknown command.
You hit the goblin.
You kill the goblin!
The goblin barely misses you. The hobgoblin closely misses you.
Unknown command.
You hit the goblin.
The goblin is severely wounded.
You block the goblin's attack. The hobgoblin closely misses you.
The goblin hits you but does no damage.
Unknown command.
You closely miss the goblin.
The hobgoblin no longer looks unusually strong.
The goblin hits you with a +0 club.
* * * LOW HITPOINT WARNING * * *
The hobgoblin hits you.
* * * LOW HITPOINT WARNING * * *
The goblin hits you but does no damage. The goblin hits you with a +0 club.
You die...

...###(## ##..........)....
....#.♣#♣♣# ###..#†....(..#.
.)).#♣.♣..♣# ###..#..#######
....##♣...<♣ #.......####
###.##.♣#♣♣# ##.###......#
#.##.## ###......##...####
#.###.# ##....########.....
#..#..# #####gg#### ##.###
####...####....g@# ### #
............#..### ########
######.######.############.......
######...#.................######
..........÷##.##############
########.....)##########
#####...........###### ##
#....#########......####. ##.####
######...##.


You could see a hobgoblin and 2 goblins.

Vanquished Creatures
  An adder (D:2)
  A dart slug (D:1)
  2 ball pythons (D:1)
  4 bats (D:1)
  4 hobgoblins (D:1)
  A quokka (D:1)
  A frilled lizard (D:1)
  9 goblins
  3 kobolds (D:1)
  3 rats (D:1)
29 creatures vanquished.

Notes
Turn   | Place    | Note
-------+----------+-------------------------------------------
     0 | D:1      | Anandil the Demonspawn Fighter began the quest for the Orb.
     0 | D:1      | Reached XP level 1. HP: 18/18 MP: 1/1
    96 | D:1      | Found a faded altar of an unknown god.
   157 | D:1      | Gained mutation: You are partially covered in thin metallic
                  | scales. (AC +2) [demonic ancestry]
   157 | D:1      | Reached XP level 2. HP: 24/24 MP: 2/2
   639 | D:2      | Gained mutation: You are mostly covered in thin metallic
                  | scales. (AC +3) [demonic ancestry]
   639 | D:2      | Reached XP level 3. HP: 29/29 MP: 3/3
   683 | D:2      | Noticed Robin
   696 | D:1      | Slain by a goblin

Illustrated notes

Levels and vault maps discovered:
D:1:      pf_arrival_petrified_forest, layout_rooms,
          hellmonk_ecumenical_altar_pennies_from_heaven
D:2:      layout_rooms, kennysheep_donut, kennysheep_generic_room_7,
          uniq_jessica, uniq_robin, uniq_natasha

Skill      XL: |  1  2 |
---------------+-------+-----
Polearms       | 2 |  2.3
Armour         | 3 |  3.0
Shields        | 3 |  3.1
Fighting       | |  3.4

Action                     || total
---------------------------++-------
  Melee: Trident           ||    96
 Armour: Scale mail        ||    61
  Dodge: Dodged            ||    51
  Block: Buckler           ||    28
